 Dungeon Crawl Stone Soup version 0.27-a0-1434-g6f15984924 (webtiles) character file.

Game seed: 9705129232776246615

133 HoaS the Ruffian (level 4, -1/36 HPs)
             Began as a Demigod Gladiator on July 2, 2021.
             Slain by an orc (5 damage)
             ... on level 4 of the Dungeon.
             The game lasted 00:05:00 (2872 turns).

HoaS the Ruffian (Demigod Gladiator)                Turns: 2872, Time: 00:05:00

Health: -1/36      AC:  9    Str: 19    XL:     4   Next: 63%
Magic:  6/6        EV: 11    Int: 16    God:
Gold:   35         SH:  0    Dex: 15    Spells: 3/3 levels left

rFire    . . .     SeeInvis +     - Unarmed
rCold    . . .     Faith    .   (no shield)
rNeg     . . .     Spirit   .   i - +0 ring mail
rPois    .         Reflect  .   m - +2 helmet
rElec    .         Harm     .   f - +0 cloak
rCorr    .         Rampage  .   (no gloves)
Will     .....                  (no boots)
Stlth    +.........             (no amulet)
HPRegen  0.12/turn              g - +6 ring of intelligence
MPRegen  0.10/turn              h - ring of see invisible

@: no status effects
A: high mp 1, forlorn
a: no special abilities


You were on level 4 of the Dungeon.
You visited 1 branch of the dungeon, and saw 5 of its levels.

You collected 35 gold pieces.

Inventory:

Missiles
 c - 4 throwing nets (quivered)
 e - 12 poisoned darts
Armour
 f - a +0 cloak (worn)
 i - a +0 ring mail (worn)
 m - a +2 helmet (worn)
Jewellery
 g - a +6 ring of intelligence (left hand)
 h - a ring of see invisible (right hand)
Scrolls
 l - 2 scrolls of teleportation
Potions
 a - a potion of heal wounds
 b - a potion of lignification {unknown}
 j - a potion of attraction
 k - a potion of curing {unknown}


   Skills:
 - Level 1.7 Fighting
 - Level 1.7 Throwing
 - Level 2.6 Dodging
 + Level 5.2 Unarmed Combat


You had 3 spell levels left.
You didn't know any spells.
Your spell library contained the following spells:

 Spells                   Type           Power      Damage    Failure   Level
 Foxfire                  Conj/Fire      0%         2x1d4     41%         1
 Poisonous Vapours        Pois/Air       0%         N/A       54%         2
 Sublimation of Blood     Necr           0%         N/A       54%         2
 Wereblood                Tmut           0%         N/A       54%         2
 Conjure Flame            Conj/Fire      0%         6-21      78%         3
 Inner Flame              Hex/Fire       0%         N/A       78%         3
 Mephitic Cloud           Conj/Pois/Air  0%         N/A       78%         3
 Freezing Cloud           Conj/Ice/Air   0%         6-21      100%        5
 Summon Hydra             Summ           0%         N/A       100%        7


Dungeon Overview and Level Annotations

Branches:
Dungeon (5/15)
 Temple: D:4-7

Annotations:
D:3 3 runed translucent doors, sn0wgr3's ghost, weakling GrFi


Innate Abilities, Weirdness & Mutations

Your attributes grow dramatically as you level up.
You have an increased reservoir of magic. (+10% MP)
You shall have no god before yourself.


Message History

Found 12 gold pieces and a falchion.
You are too confused!
You are too confused!
An orc comes into view. It is wielding a +0 flail.
You're too confused to move!
The orc wizard hits you with a +0 dagger.
The orc wizard hits you but does no damage.
You bump into the rock wall.
The orc wizard hits you but does no damage.
You barely miss the orc.
The orc wizard hits you with a +0 dagger.
The orc hits you with a +0 flail!
You barely miss the orc wizard.
The orc wizard gestures at you while chanting.
The magic dart hits you! The orc hits you with a +0 flail.
You hit the orc.
The orc is moderately wounded.
You feel less confused.
The orc wizard hits you but does no damage.
The orc barely misses you.
You punch the orc wizard!
The orc wizard is heavily wounded.
The orc wizard hits you with a +0 dagger.
The orc hits you but does no damage.
You barely miss the orc wizard.
The orc wizard is heavily wounded.
The orc wizard hits you but does no damage.
The orc hits you but does no damage.
You hit the orc wizard but do no damage.
The orc wizard is heavily wounded.
The orc wizard hits you with a +0 dagger.
* * * LOW HITPOINT WARNING * * *
The orc hits you but does no damage.
You hit the orc wizard.
The orc wizard is severely wounded.
The orc wizard points at you and mumbles some strange words.
The puff of flame hits you.
* * * LOW HITPOINT WARNING * * *
The orc hits you with a +0 flail.
You die...

###########
#.........#
#.....(...#
#.........#
#.........#
#.........#
#.>o......#
#.@o......#
####.......
....###
.....#
.....#
.....#
.....#
$...)#


You could see an orc wizard and an orc.

Vanquished Creatures
  An orc wizard (D:5)
  An iguana (D:5)
  Robin (D:2)
  2 adders
  An ufetubus (D:3)
  2 worms (D:3)
  3 bats
  2 endoplasms (D:2)
  3 giant cockroaches
  12 goblins
  3 hobgoblins
  4 kobolds
  A quokka (D:1)
  2 ball pythons
  5 frilled lizards
  3 rats
46 creatures vanquished.

Notes
Turn   | Place    | Note
-------+----------+-------------------------------------------
     0 | D:1      | HoaS the Demigod Gladiator began the quest for the Orb.
     0 | D:1      | Reached XP level 1. HP: 17/17 MP: 3/3
    53 | D:1      | Reached skill level 3 in Unarmed Combat
   377 | D:1      | Reached XP level 2. HP: 18/24 MP: 4/4
  1405 | D:2      | Reached XP level 3. HP: 27/29 MP: 5/5
  1755 | D:2      | Reached skill level 4 in Unarmed Combat
  1891 | D:2      | Noticed Robin
  1904 | D:2      | Killed Robin
  2185 | D:3      | Found a runed translucent gate.
  2185 | D:3      | Found a runed translucent gate.
  2185 | D:3      | Found a runed translucent gate.
  2185 | D:3      | Noticed a kobold brigand
  2425 | D:3      | Noticed sn0wgr3's ghost (weakling GrFi)
  2715 | D:3      | You fall into a shaft and drop 2 floors!
  2715 | D:5      | Entered Level 5 of the Dungeon
  2729 | D:5      | Reached XP level 4. HP: 32/36 MP: 6/6
  2816 | D:5      | Reached skill level 5 in Unarmed Combat
  2872 | D:4      | Slain by an orc

Illustrated notes

Levels and vault maps discovered:
D:1:      minmay_arrival_arboretum_small, layout_rooms, basic_ecumenical_altar,
          serial_curves, eino_curves_02, eino_curves_04
D:2:      layout_basic, chequers_garden, uniq_robin
D:3:      layout_basic, nicolae_dithmenos_through_a_glass_darkly,
          gammafunk_ghost_nasty_kobolds
D:4:      layout_gridville
D:5:      layout_basic, gammafunk_temple_overflow_elements,
          minmay_temple_entry_grid, grunt_decor_fettered

Skill      XL: |  1  2  3  4 |
---------------+-------------+-----
Unarmed Combat | 3 4 5 |  5.2
Fighting       | |  1.7
Throwing       | |  1.7
Dodging        | |  2.6

Action                   |  1- 3 |  4- 6 || total
-------------------------+-------+-------++-------
Melee: Unarmed           |   163 |    31 ||   194
       Punch             |     7 |     1 ||     8
  Use: Scroll            |     3 |       ||     3
Armor: Leather armour    |    10 |       ||    10
       Ring mail         |    44 |    18 ||    62
Dodge: Dodged            |    92 |     8 ||   100

Table legend: (Time is in decaauts)
 A = Elapsed time spent in this place.
 B = Non-inter-level travel time spent in this place.
 C = Inter-level travel time spent in this place.
 D = Time resting spent in this place.
 E = Time spent auto-exploring this place.
 F = Levels seen in this place.
 G = Mean time per level.
                   A        B        C        D        E       F      G
               +--------+--------+--------+--------+--------+-----+--------+
         Total |   2858 |   2760 |     98 |    587 |   1727 |   5 |  571.6 |
       Dungeon |   2858 |   2760 |     98 |    587 |   1727 |   5 |  571.6 |
               +--------+--------+--------+--------+--------+-----+--------+

Top non-repeatable levels by time:
     D:2: 1474 daAuts
     D:1: 727 daAuts
     D:3: 501 daAuts
     D:5: 137 daAuts
     D:4: 18 daAuts
